 Dungeon Crawl Stone Soup version 0.21-a0-84-g85d6d27 (webtiles) character file.

1918 Lianjan the Martial Artist (level 9, -4/46 HPs)
             Began as a Vine Stalker Monk on June 25, 2017.
             Was a Believer of Wu Jian.
             Killed by divine providence
             ... invoked by an orc priest
              (9 damage)
             ... on level 7 of the Dungeon.
             The game lasted 00:30:01 (5913 turns).

Lianjan the Martial Artist (Vine Stalker Monk)      Turns: 5913, Time: 00:30:01

Health: -4/46      AC:  5    Str: 16    XL:     9   Next: 16%
Magic:  0/9        EV: 12    Int: 11    God:    Wu Jian [**....]
Gold:   330        SH:  0    Dex: 17    Spells: 8/8 levels left

rFire    . . .     SeeInvis .     - Unarmed
rCold    . . .     Gourm    .   (no shield)
rNeg     . . .     Faith    .   i - +0 ring mail
rPois    .         Spirit   +   (no helmet)
rElec    .         Reflect  .   (no cloak)
rCorr    .         Harm     .   (no gloves)
MR       +....                  (no boots)
Stlth    ++........             (no amulet)
HPRegen  0.55/turn              (no ring)
MPRegen  0.11/turn              (no ring)

@: no status effects
A: fangs 3, blink, low mp 1, regeneration 1, magic shield, antimagic bite, no
potion heal 3, rot immunity
a: Blink, Renounce Religion


You were on level 7 of the Dungeon.
You worshipped Wu Jian.
Wu Jian was pleased with you.
You were not hungry.

You visited 2 branches of the dungeon, and saw 8 of its levels.

You collected 330 gold pieces.

Inventory:

Missiles
 c - 180 stones (quivered)
 j - 120 arrows
 m - 53 sling bullets
 p - 47 bolts
Armour
 i - a +0 ring mail (worn)
 u - a +0 buckler
 A - a +2 robe of fire resistance
Jewellery
 q - an uncursed ring of wizardry {unknown}
Wands
 a - a wand of iceblast (9/15)
 r - a wand of polymorph (7/24)
 x - a wand of disintegration (23/24)
 C - a wand of scattershot (5/9)
 F - a wand of lightning (7/15)
Scrolls
 e - 6 scrolls of remove curse
 g - a scroll of recharging
 h - a scroll of enchant armour {unknown}
 y - a scroll of teleportation {unknown}
 z - a scroll of immolation {unknown}
 B - a scroll of magic mapping
 D - a scroll of enchant weapon {unknown}
 I - a scroll of identify
Potions
 f - 2 potions of mutation
 k - 2 potions of brilliance
 n - 2 potions of lignification
 o - a potion of haste
 s - 2 potions of agility {unknown}
 t - a potion of resistance {unknown}
 w - a potion of flight {unknown}
 E - a potion of curing
Books
 G - a book of Maledictions

   Spells                             Type                      Level
   a - Corona                         Hexes                        1
   b - Ensorcelled Hibernation        Hexes/Ice                    2
   c - Confuse                        Hexes                        3
   d - Tukima's Dance                 Hexes                        3
   e - Dazzling Spray                 Conjuration/Hexes            3
Comestibles
 b - 5 bread rations
 d - 7 meat rations
 l - 2 royal jellies
 v - a fruit
 H - 2 chunks of flesh


   Skills:
 + Level 4.7 Fighting
 - Level 2.4 Dodging
 - Level 2.4 Stealth
 * Level 11.1 Unarmed Combat


You had 8 spell levels left.
You didn't know any spells.

Dungeon Overview and Level Annotations

Branches:
Dungeon (7/15)             Temple (1/1) D:4

Altars:
Ashenzari
Cheibriados
Dithmenos
Elyvilon
Fedhas
Gozag
Hepliaklqana
Kikubaaqudgha
Makhleb
Nemelex Xobeh
Okawaru
Qazlal
Sif Muna
Vehumet
Wu Jian
Xom
Yredelemnul
Zin
The Shining One


Innate Abilities, Weirdness & Mutations

You have razor-sharp teeth.
Your natural rate of healing is unusually fast.
When hurt, damage is shared between your health and your magic reserves.
Your bite disrupts and absorbs the magic of your enemies.
Potions cannot restore your health.
You are immune to rotting.
You can translocate small distances at will.
Your magical capacity is low. (-10% MP)


Message History

The orc warrior is severely wounded.
You repeatedly attack the orc warrior from above.
You completely miss the orc warrior.
You bite the orc warrior, but do no damage.
The orc warrior is severely wounded.
You hit the orc warrior but do no damage.
You punch the orc warrior, but do no damage.
Your bite misses the orc warrior.
The orc warrior is severely wounded.
The orc priest is distracted by your jump.
The orc is distracted by your jump.
The orc priest shouts!
The orc warrior closely misses you.
The orc shouts!
The adder hisses angrily.
There is a stone staircase leading up here.
The orc warrior hits you with a battleaxe!
* * * LOW HITPOINT WARNING * * *
The orc priest calls down the wrath of Beogh upon you.
Beogh smites you!
You die...

##.../.###.. #.>...
##.......##.#####o#..#
#...........$.....##.#
#.....[....#.#######..
#............# ###
#........S.###
#..........#
#.........####
#....@o$o.$..#
#....)....##...
#......o..# ##
#....>....#
##....)..## ##.....##
####.%# #.## #.#


You could see an orc warrior, an orc priest, an adder and an orc.

Vanquished Creatures
  Pikel (D:6)
  The ghost of FrankyJ the Magician, a novice TeAE (D:5)
  An orc warrior (D:6)
  A necrophage (D:6)
  2 ogres
  3 scorpions
  A crimson imp (D:5)
  A bullfrog zombie (D:6)
  4 hounds
  3 orc priests
  A bullfrog skeleton (D:5)
  Ijyb (D:4)
  An iguana (D:6)
  An orc wizard (D:7)
  7 worker ants
  A killer bee zombie (D:6)
  A worker ant zombie (D:5)
  3 gnolls (D:2)
  7 adders
  2 oozes
  2 worms (D:3)
  3 dart slugs
  6 leopard geckos
  10 orcs
  2 ball pythons
  6 bats
  11 giant cockroaches
  3 goblins
  6 hobgoblins
  12 jackals
  3 kobolds
  3 quokkas
  3 frilled lizards
  A leopard gecko skeleton (D:5)
  A quokka skeleton (D:5)
  6 rats
121 creatures vanquished.

Vanquished Creatures (others)
  A worker ant zombie (D:6)
  An adder (D:6)
2 creatures vanquished.

Grand Total: 123 creatures vanquished

Notes
Turn   | Place    | Note
-------+----------+-------------------------------------------
     0 | D:1      | Lianjan the Vine Stalker Monk began the quest for the Orb.
     0 | D:1      | Reached XP level 1. HP: 11/11 MP: 2/2
   264 | D:1      | Reached XP level 2. HP: 16/16 MP: 3/3
   425 | D:1      | Found a shattered altar of Ashenzari.
   635 | D:1      | Reached XP level 3. HP: 15/20 MP: 4/4
  1122 | D:2      | Found an opulent altar of Gozag.
  1544 | D:2      | Reached skill level 4 in Unarmed Combat
  1830 | D:3      | Gained mutation: Your natural rate of healing is unusually fast. [Vine Stalker growth]
  1830 | D:3      | Reached XP level 4. HP: 24/24 MP: 5/5
  2417 | D:3      | Reached XP level 5. HP: 29/29 MP: 6/6
  2849 | D:4      | Noticed an ogre
  2862 | D:3      | Noticed a porcupine
  2862 | D:3      | an ogre changed into a porcupine
  2940 | D:3      | a porcupine changed into an ooze
  3023 | D:3      | Reached skill level 5 in Unarmed Combat
  3361 | D:4      | Reached XP level 6. HP: 26/33 MP: 7/7
  3422 | D:4      | Reached skill level 6 in Unarmed Combat
  3523 | D:4      | Found a staircase to the Ecumenical Temple.
  3546 | Temple   | Entered the Ecumenical Temple
  3740 | Temple   | Became a worshipper of the Wu Jian Council
  3740 | Temple   | Reached * piety under Wu Jian
  3740 | Temple   | Reached ** piety under Wu Jian
  3830 | D:4      | Noticed Ijyb
  3847 | D:4      | Killed Ijyb
  3969 | D:5      | Entered Level 5 of the Dungeon
  4146 | D:5      | Noticed FrankyJ's ghost (novice TeAE)
  4173 | D:5      | Killed FrankyJ's ghost
  4173 | D:5      | Reached skill level 7 in Unarmed Combat
  4173 | D:5      | Reached XP level 7. HP: 16/37 MP: 8/8
  4252 | D:5      | Reached skill level 8 in Unarmed Combat
  4393 | D:5      | Gained mutation: Your magical capacity is low. (-10% MP) [potion of mutation]
  4393 | D:5      | Gained mutation: You can translocate small distances at will. [potion of mutation]
  4565 | D:5      | Found a stormy altar of Qazlal.
  4666 | D:5      | Noticed an angel
  4667 | D:5      | Found a glowing silver altar of Zin.
  4688 | D:5      | Found a shadowy altar of Dithmenos.
  4688 | D:5      | Found a snail-covered altar of Cheibriados.
  4751 | D:6      | Gained mutation: You have razor-sharp teeth. [Vine Stalker growth]
  4751 | D:6      | Reached XP level 8. HP: 42/42 MP: 8/8
  4771 | D:6      | Found a basalt altar of Yredelemnul.
  4959 | D:6      | Reached skill level 9 in Unarmed Combat
  5163 | D:6      | Noticed Pikel
  5182 | D:6      | Killed Pikel
  5182 | D:6      | Reached skill level 10 in Unarmed Combat
  5511 | D:6      | You fall through a shaft!
  5536 | D:6      | Reached XP level 9. HP: 17/45 MP: 4/9
  5701 | D:6      | Reached skill level 11 in Unarmed Combat
  5913 | D:7      | Killed from afar by an orc priest

Vault maps used:
D:1:      onia_arrival_larder, evilmike_ruin_ashenzari
D:2:      grunt_gozag_breadcrumbs
D:3:      first_bread
D:4:      temple_fountains, uniq_ijyb
D:5:      old_standard_altar, gammafunk_temple_overflow_elements, zin_angel
D:6:      basic_altar, grunt_ministairs_15, minmay_misc_feat_rows, uniq_pikel
D:7:      serial_shops, nicolae_shop_crystal, grunt_ogre_cave
Temple:   nicolae_temple_figure_eight

Skill      XL: |  1  2  3  4  5  6  7  8  9 |
---------------+----------------------------+-----
Fighting       | 3 4 |  4.7
Unarmed Combat | 4 5 7 8 10 11 | 11.1
Dodging        | |  2.4
Stealth        | |  2.4

Action                   |  1- 3 |  4- 6 |  7- 9 || total
-------------------------+-------+-------+-------++-------
Melee: Unarmed           |   120 |   201 |   163 ||   484
       Bite              |    32 |    57 |    43 ||   132
       Punch             |     3 |     7 |     8 ||    18
Throw: Stone             |       |     2 |     5 ||     7
 Abil: Blink             |       |       |     3 ||     3
Evoke: Wand              |       |     4 |       ||     4
  Use: Scroll            |       |    10 |       ||    10
       Potion            |       |       |     1 ||     1
 Stab: Sleeping          |     6 |     1 |     1 ||     8
       Distracted        |       |       |     1 ||     1
  Eat: Chunk             |     3 |     7 |     6 ||    16
Armor: Robe              |    10 |       |       ||    10
       Ring mail         |    29 |    59 |    30 ||   118
Dodge: Dodged            |    71 |   124 |    50 ||   245
